 Dungeon Crawl Stone Soup version 0.26-a0-451-gacbe401039 (webtiles) character file.

Game seed: 8963515197284793319

40 KristoblXynda the Ducker (level 3, -3/31 HPs)
             Began as a Troll Hedge Wizard on July 28, 2020.
             Slain by a quokka (5 damage)
             ... on level 2 of the Dungeon.
             The game lasted 00:01:25 (822 turns).

KristoblXynda the Ducker (Troll Hedge Wizard)        Turns: 822, Time: 00:01:26

Health: -3/31      AC:  6    Str: 18    XL:     3   Next: 30%
Magic:  5/5        EV: 10    Int: 11    God:
Gold:   33         SH:  0    Dex:  9    Spells: 5/6 levels left

rFire    . . .     SeeInvis .     - Unarmed
rCold    . . .     Faith    .   (no shield)
rNeg     . . .     Spirit   .   b - +0 robe
rPois    .         Reflect  .   c - +0 hat
rElec    .         Harm     .   (no cloak)
rCorr    +                      (gloves unavailable)
MR       .....                  (boots unavailable)
Stlth    +.........             (no amulet)
HPRegen  0.50/turn              a - ring of resist corrosion
MPRegen  0.09/turn              f - ring of flight

@: lethally poisoned (-3 -> -4)
A: large, unfitting armour, claws 3, regeneration 1, shaggy fur 1, tough skin 3
a: Evoke Flight


You were on level 2 of the Dungeon.
You visited 1 branch of the dungeon, and saw 2 of its levels.

You collected 33 gold pieces.

Inventory:

Armour
 b - a +0 robe (worn)
 c - a +0 hat (worn)
Jewellery
 a - a ring of resist corrosion (left claw)
 f - a ring of flight (right claw)
 h - a cursed ring of teleportation {unknown}
Scrolls
 g - 3 scrolls of random uselessness {unknown}
 i - a scroll of remove curse {unknown}
 j - a scroll of identify {unknown}
Potions
 d - 2 potions of lignification {unknown}
 e - a potion of curing {unknown}


   Skills:
 + Level 2.1 Dodging
 - Level 1.0 Stealth
 + Level 1.6 Unarmed Combat
 - Level 2.0 Spellcasting
 + Level 1.3 Conjurations
   Level 0.6 Summonings
   Level 0.6 Translocations


You had 5 spell levels left.
You knew the following spells:

 Your Spells              Type           Power        Failure   Level
a - Magic Dart            Conj           #...         17%         1

Your spell library contained the following spells:

 Spells                   Type           Power        Failure   Level
 Blink                    Tloc           N/A          34%         2
 Call Imp                 Summ           #.......     34%         2
 Slow                     Hex            #.......     41%         2
 Conjure Flame            Conj/Fire      #.......     54%         3
 Mephitic Cloud           Conj/Pois/Air  #.......     58%         3


Dungeon Overview and Level Annotations

Branches:
Dungeon (2/15)

Altars:


Innate Abilities, Weirdness & Mutations

You are too large for most types of armour.
You have claws for hands.
Your natural rate of healing is unusually fast.
You are covered in fur. (AC +1)
You have extremely tough skin. (AC +3)


Message History

You are too injured to fight recklessly!
You closely miss the adder. The bat closely misses you. The adder bites you.
You are poisoned.
The adder poisons you! The quokka closely misses you. The rat bites you.
* * * LOW HITPOINT WARNING * * *
You scratch the adder.
The adder is lightly wounded.
You feel sick. The bat hits you but does no damage.
The adder closely misses you. The quokka barely misses you.
The rat bites you but does no damage. The adder bites you.
* * * LOW HITPOINT WARNING * * *
You are more poisoned.
The adder poisons you! The quokka bites you.
* * * LOW HITPOINT WARNING * * *
You scratch the adder.
The adder is severely wounded.
You feel sick. The rat bites you.
* * * LOW HITPOINT WARNING * * *
The adder closely misses you. The bat barely misses you. The quokka bites you.
You die...

..#...........#... .?#
#....####..#.##.# ...
#....# ###...<..# ..#
#..... #.....#..# ..# .
...###!#..#.##..##..##..
##.##...................
....................
#.##....(..b.†...#. .).
#.....).r@..### ..
#.......rS..#
#...........#
#$............
..........#....
.....(.......#.#
...........## .
..........##


You could see an adder, a quokka, a bat and a rat.

Vanquished Creatures
  An adder (D:2)
  3 worms (D:2)
  2 giant cockroaches (D:1)
  4 goblins
  5 hobgoblins
  2 bats (D:1)
  2 frilled lizards (D:1)
  A kobold (D:1)
  2 rats (D:1)
22 creatures vanquished.

Notes
Turn   | Place    | Note
-------+----------+-------------------------------------------
     0 | D:1      | KristoblXynda the Troll Hedge Wizard began the quest for
                  | the Orb.
     0 | D:1      | Reached XP level 1. HP: 16/16 MP: 2/2
   206 | D:1      | Reached skill level 1 in Conjurations
   211 | D:1      | Reached XP level 2. HP: 24/24 MP: 4/4
   350 | D:1      | Reached skill level 1 in Unarmed Combat
   694 | D:2      | Reached XP level 3. HP: 14/31 MP: 5/5
   822 | D:2      | Slain by a quokka

Illustrated notes

Levels and vault maps discovered:
D:1:      sevenhm_arrival_forest_fort_large_2, layout_basic
D:2:      layout_rooms, nicolae_qazlal_general_emergency, fedhas_altar_1

Skill      XL: |  1  2 |
---------------+-------+-----
Conjurations   | 1 |  1.3
Unarmed Combat | 1 |  1.6
Dodging        | 2 |  2.1
Stealth        | |  1.0
Spellcasting   | |  2.0
Summonings     | |  0.6
Translocations | |  0.6

Action                   || total
-------------------------++-------
Melee: Unarmed           ||    94
       Punch             ||     1
 Stab: Sleeping          ||     1
Armor: Robe              ||    45
Dodge: Dodged            ||    65

Table legend: (Time is in decaauts)
 A = Elapsed time spent in this place.
 B = Non-inter-level travel time spent in this place.
 C = Inter-level travel time spent in this place.
 D = Time resting spent in this place.
 E = Time spent auto-exploring this place.
 F = Levels seen in this place.
 G = Mean time per level.
                   A        B        C        D        E       F      G
               +--------+--------+--------+--------+--------+-----+--------+
         Total |    819 |    806 |     13 |     49 |    555 |   2 |  409.5 |
       Dungeon |    819 |    806 |     13 |     49 |    555 |   2 |  409.5 |
               +--------+--------+--------+--------+--------+-----+--------+

Top non-repeatable levels by time:
     D:1: 673 daAuts
     D:2: 146 daAuts
